 Dungeon Crawl Stone Soup version 0.25-a0-561-g0977b4d109 (webtiles) character file.

Game seed: 10270564893367123121, levelgen mode: deterministic

16370 Flugslaktarn the Cleaver (level 12, -54/110 HPs)
             Began as a Deep Dwarf Fighter on Feb 25, 2020.
             Was a High Priest of Makhleb.
             Annihilated by a titanic slime creature (116 damage)
             ... on level 10 of the Dungeon.
             The game lasted 00:06:28 (6299 turns).

Flugslaktarn the Cleaver (Deep Dwarf Fighter)       Turns: 6299, Time: 00:06:28

Health: -54/110    AC: 20    Str: 23    XL:     12   Next: 9%
Magic:  10/10      EV:  6    Int: 11    God:    Makhleb [*****.]
Gold:   143        SH: 16    Dex: 12    Spells: 11/11 levels left

rFire    . . .     SeeInvis .   E - +8 broad axe (flame)
rCold    . . .     Gourm    .   c - +0 kite shield
rNeg     . . .     Faith    .   F - +0 plate armour
rPois    +         Spirit   .   G - +0 helmet
rElec    .         Reflect  .   h - +1 cloak {rPois}
rCorr    .         Harm     +   (no gloves)
MR       +....                  (no boots)
Stlth    ..........             B - amulet of harm
HPRegen  0.00/turn              (no ring)
MPRegen  0.12/turn              p - +2 ring of protection

@: non-regenerating
A: damage resistance, heal wounds, large bone plates 1, sense surroundings 2, no
regeneration
a: Heal Wounds, Minor Destruction, Lesser Servant of Makhleb, Major Destruction,
Greater Servant of Makhleb, Renounce Religion


You were on level 10 of the Dungeon.
You worshipped Makhleb.
Makhleb was extremely pleased with you.
You were not hungry.

You visited 1 branch of the dungeon, and saw 13 of its levels.

You collected 457 gold pieces.
You spent 314 gold pieces at shops.

Inventory:

Hand Weapons
 E - a +8 broad axe of flaming (weapon)
   (You bought it in a shop on level 7 of the Dungeon)
Armour
 c - a +0 kite shield (worn)
 h - a +1 cloak of poison resistance (worn)
   (You took it off Crazy Yiuf on level 7 of the Dungeon)
 i - +0 swamp dragon scales
   (You took it off Maggie on level 6 of the Dungeon)
 l - a scarf of cloud immunity
   (You found it on level 4 of the Dungeon)
 y - a +2 cloak
   (You found it on level 7 of the Dungeon)
 F - a +0 plate armour (worn)
   (You took it off an orc warrior on level 5 of the Dungeon)
 G - a +0 helmet (worn)
   (You found it on level 8 of the Dungeon)
Jewellery
 f - an uncursed ring of protection from magic {unknown}
   (You found it on level 11 of the Dungeon)
 g - a +3 ring of strength {unknown}
   (You found it on level 11 of the Dungeon)
 j - an uncursed ring of fire
   (You found it on level 6 of the Dungeon)
 n - the ring "Mysotim" {*Tele +Blink rF+ MR+}
   (You found it on level 4 of the Dungeon)

   [ring of teleportation]

   It may teleport you next to monsters.
   It protects you from fire.
   It affects your resistance to hostile enchantments.
   It lets you blink.
 p - a +2 ring of protection (right hand)
   (You took it off a crimson imp on level 8 of the Dungeon)
 B - an amulet of harm (around neck)
   (You found it on level 7 of the Dungeon)
 D - an uncursed ring of protection from magic {unknown}
   (You found it on level 10 of the Dungeon)
Wands
 v - a wand of paralysis (7)
   (You took it off Maurice on level 10 of the Dungeon)
 A - a wand of iceblast (11)
   (You found it on level 7 of the Dungeon)
Scrolls
 b - a scroll of magic mapping {unknown}
 o - a scroll of vulnerability {unknown}
 r - 4 scrolls of identify
 t - 2 scrolls of teleportation
 w - 2 scrolls of remove curse
Potions
 d - 3 potions of might
 k - a potion of brilliance
 m - 2 potions of stabbing
 q - 3 potions of curing
 s - 3 potions of flight
 u - a potion of magic {unknown}
 x - a potion of berserk rage {unknown}
 z - a potion of lignification {unknown}
 C - 2 potions of degeneration {unknown}
Comestibles
 a - 22 chunks of flesh
 e - 16 rations


   Skills:
 + Level 8.0 Fighting
 * Level 12.6 Axes
 + Level 9.6 Armour
 + Level 9.6 Shields
 + Level 10.0 Invocations


You had 11 spell levels left.
You didn't know any spells.
Your spell library was empty.

Dungeon Overview and Level Annotations

Branches:
Dungeon (13/15)            Temple (0/1) D:5            Lair (0/6) D:11
    Orc: D:9-12      Vaults: D:13-14

Altars:
Makhleb
Nemelex Xobeh
Xom

Shops:
D:7 (   D:11 ([=

Annotations:
D:11 4 runed translucent doors


Innate Abilities, Weirdness & Mutations

You are resistant to damage.
You can heal yourself by infusing magical energy.
You passively map the area around you.
You do not regenerate.
You are partially covered in large bone plates. (SH +4)


Message History

You slash the enormous slime creature! You burn the enormous slime creature!
The enormous slime creature is heavily wounded.
You block the enormous slime creature's attack.
Two slime creatures merge to form a titanic slime creature.
You barely miss the titanic slime creature.
The titanic slime creature is moderately wounded.
You slash the titanic slime creature! You burn the titanic slime creature!
The titanic slime creature is heavily wounded.
You block the titanic slime creature's attack.
You hit the titanic slime creature. You burn the titanic slime creature.
The titanic slime creature is heavily wounded.
You block the titanic slime creature's attack.
You slash the titanic slime creature! You burn the titanic slime creature!
The titanic slime creature is heavily wounded.
The titanic slime creature hits you!
You slash the titanic slime creature! You burn the titanic slime creature.
The titanic slime creature is severely wounded.
The titanic slime creature hits you!!!!
Ouch! That really hurt!
You die...

, * , * *** , , * , * * * * , * ,
, ,* * * * * * *.########### ,, *
*......J@...# *#.######
*##########.# #......... #######
#.# #.#.######
......#############.####.#....,..
............................., ..
....................####.#.. *##
..#.#.############### #.#.#
(...#.##################.#.##.###
.>..............................#


You could see a titanic slime creature.

Vanquished Creatures
  3 death yaks (D:11)
  2 two-headed ogres
  2 unseen horrors
  A cyclops (D:11)
  2 ugly things (D:11)
  A manticore (D:12)
  Maurice (D:10)
  Joseph (D:7)
  A gargoyle (D:10)
  Maggie (D:6)
  2 ice devils (D:11)
  5 trolls
  A hornet (D:11)
  3 slime creatures (D:13)
  A meliai zombie (D:10)
  A hippogriff (D:11)
  A shadow (D:11)
  A wyvern (D:11)
  2 yaks (D:11)
  A human (D:8)
  A hungry ghost (D:8)
  Edmund (D:5)
  An acid dragon (D:13)
  A porcupine (D:11)
  2 ice beasts
  5 orc warriors
  3 sky beasts
  A hornet zombie (D:6)
  4 black bears
  An eye of draining (D:10)
  8 ogres
  A phantom (D:13)
  2 centaurs
  A necrophage (D:8)
  6 bullfrogs
  Blork the orc (D:6)
  3 scorpions
  A water moccasin skeleton (D:10)
  12 killer bees (D:11)
  2 electric eels (D:13)
  3 bullfrog zombies
  A crimson imp (D:8)
  3 centaur zombies
  2 jellies
  6 orc priests
  6 hounds
  12 orc wizards
  A centaur skeleton (D:11)
  Crazy Yiuf (D:7)
  3 iguanas
  2 hell rats (D:11)
  8 worker ants
  2 hound skeletons (D:4)
  4 gnolls
  6 adders
  3 shadow imps
  An ooze (D:4)
  An adder zombie (D:5)
  3 adder skeletons
  3 worms
  5 leopard geckos
  47 orcs
  2 ball pythons
  4 bats
  10 giant cockroaches
  13 goblins
  15 hobgoblins
  2 jackals (D:9)
  11 kobolds
  4 quokkas
  A frilled lizard (D:5)
  A jackal zombie (D:5)
  2 rats
  7 plants (D:13)
285 creatures vanquished.

Vanquished Creatures (others)
  A necrophage (D:10)
  3 orcs (D:13)
  7 plants (D:13)
11 creatures vanquished.

Grand Total: 296 creatures vanquished

Notes
Turn   | Place    | Note
-------+----------+-------------------------------------------
     0 | D:1      | Flugslaktarn the Deep Dwarf Fighter began the quest for the
                  | Orb.
     0 | D:1      | Reached XP level 1. HP: 20/20 MP: 1/1
   109 | D:1      | Reached XP level 2. HP: 25/27 MP: 2/2
   358 | D:4      | Reached skill level 3 in Axes
   358 | D:4      | Reached XP level 3. HP: 28/33 MP: 3/3
   410 | D:4      | Got a faintly glowing glass ring
   471 | D:4      | Reached XP level 4. HP: 30/42 MP: 4/4
   522 | D:4      | Noticed an ogre
   533 | D:4      | Killed an ogre
   533 | D:4      | Reached skill level 4 in Axes
   533 | D:4      | Reached XP level 5. HP: 32/49 MP: 5/5
   784 | D:4      | Found a burning altar of Makhleb.
   798 | D:4      | Became a worshipper of Makhleb the Destroyer
   983 | D:5      | Entered Level 5 of the Dungeon
   983 | D:5      | Noticed an ogre
   999 | D:5      | Killed an ogre
   999 | D:5      | Reached skill level 1 in Invocations
   999 | D:5      | Reached XP level 6. HP: 38/57 MP: 5/5
  1023 | D:5      | Reached skill level 5 in Axes
  1087 | D:5      | Reached XP level 7. HP: 42/63 MP: 6/6
  1109 | D:5      | Found a staircase to the Ecumenical Temple.
  1178 | D:5      | Reached * piety under Makhleb
  1244 | D:5      | Noticed Edmund
  1262 | D:5      | Reached skill level 5 in Armour
  1262 | D:5      | Reached skill level 5 in Shields
  1266 | D:5      | HP: 1/64 [poisoned by Edmund]
  1285 | D:5      | Reached skill level 6 in Axes
  1294 | D:5      | Killed Edmund
  1539 | D:6      | Reached XP level 8. HP: 49/73 MP: 6/6
  1639 | D:6      | Noticed Maggie
  1697 | D:6      | Killed Maggie
  1697 | D:6      | Reached skill level 7 in Axes
  1723 | D:6      | Noticed Blork the orc
  1732 | D:6      | Killed Blork the orc
  1918 | D:6      | Reached ** piety under Makhleb
  2133 | D:6      | Reached skill level 5 in Fighting
  2236 | D:6      | Reached skill level 5 in Invocations
  2332 | D:6      | Reached *** piety under Makhleb
  2770 | D:7      | Noticed Joseph
  2802 | D:7      | Killed Joseph
  2802 | D:7      | Reached skill level 8 in Axes
  2802 | D:7      | Gained mutation: You passively map the area around you.
                  | [Deep Dwarf growth]
  2802 | D:7      | Reached XP level 9. HP: 64/81 MP: 6/8
  2803 | D:7      | Identified the ring "Mysotim" {*Tele +Blink rF+ MR+} (You
                  | found it on level 4 of the Dungeon)
  2948 | D:7      | Found Naim's Weapon Emporium.
  3236 | D:7      | Found a runed translucent door.
  3237 | D:7      | Noticed Crazy Yiuf
  3602 | D:7      | Killed Crazy Yiuf
  3674 | D:8      | Noticed a two-headed ogre
  3703 | D:8      | Killed a two-headed ogre
  3710 | D:8      | Reached skill level 9 in Axes
  3938 | D:8      | Found a sparkling altar of Nemelex Xobeh.
  4145 | D:8      | Reached **** piety under Makhleb
  4524 | D:8      | Reached XP level 10. HP: 91/91 MP: 8/8
  4665 | D:7      | Bought a +3 broad axe of flaming for 314 gold pieces
  4674 | D:7      | Gained mutation: You are partially covered in large bone
                  | plates. (SH +4) [potion of mutation]
  4792 | D:9      | You fall into a shaft and drop 3 floors!
  4793 | D:12     | Noticed a manticore
  4800 | D:12     | Killed a manticore
  4814 | D:11     | Noticed a death yak
  4815 | D:11     | Noticed a death yak
  4816 | D:11     | Found a staircase to the Lair.
  4816 | D:11     | Noticed a death yak
  4845 | D:11     | Killed a death yak
  4845 | D:11     | Reached skill level 10 in Axes
  4852 | D:11     | Killed a death yak
  4860 | D:11     | Killed a death yak
  4948 | D:11     | Found a large runed translucent door.
  4949 | D:11     | Found a large runed translucent door.
  4950 | D:11     | Noticed an ogre mage
  4950 | D:11     | Noticed a gargoyle
  4969 | D:11     | Noticed a purple ugly thing
  4980 | D:11     | Killed a purple ugly thing
  4980 | D:11     | Reached skill level 11 in Axes
  5020 | D:11     | Found a large runed translucent door.
  5020 | D:11     | Found a large runed translucent door.
  5039 | D:11     | Reached XP level 11. HP: 77/99 MP: 9/9
  5153 | D:11     | Found Zeizaf's Jewellery Shoppe.
  5164 | D:11     | Killed an unseen horror
  5190 | D:11     | Found Lymnure's Antique Armour Shop.
  5193 | D:11     | Noticed a brown ugly thing
  5205 | D:11     | Killed a brown ugly thing
  5235 | D:11     | Found Zucrec's Weapon Shoppe.
  5235 | D:11     | Found a shimmering altar of Xom.
  5241 | D:11     | Reached ***** piety under Makhleb
  5271 | D:11     | You fall into a shaft and drop 2 floors!
  5271 | D:13     | Noticed a catoblepas
  5396 | D:13     | Reached skill level 12 in Axes
  5594 | D:10     | Entered Level 10 of the Dungeon
  6102 | D:10     | Noticed a two-headed ogre
  6107 | D:10     | Killed a two-headed ogre
  6142 | D:10     | Reached XP level 12. HP: 110/110 MP: 10/10
  6206 | D:10     | Noticed Maurice
  6220 | D:10     | Killed Maurice
  6254 | D:10     | Reached skill level 10 in Invocations
  6299 | D:10     | Annihilated by a titanic slime creature

Levels and vault maps discovered:
D:1:      lemuel_arrival_room, layout_basic
D:2:      layout_basic, old_standard_altar, minmay_tree_intersection
D:3:      layout_loops_corners, serial_forest, infiniplex_forest_straight_4,
          infiniplex_forest_straight_1, infiniplex_forest_lined_room_2,
          infiniplex_forest_lined_3, infiniplex_forest_clump_medium,
          infiniplex_forest_straight_1, infiniplex_forest_corner_1,
          infiniplex_forest_lined_room_2, first_ration, minivault_25,
          st_stairs_4, bh_walls_and_bars, uniq_grinder
D:4:      layout_loops_ring, makhleb_heckhound_becter
D:5:      layout_rooms, minmay_temple_entry_statues_fountains, uniq_edmund
D:6:      corexii_shantytown, layout_basic, uniq_blork_the_orc, uniq_maggie
D:7:      corexii_shack_village, layout_loops_ring, serial_shops, shop,
          minmay_door_square, hangedman_abyss_or_decor_passed, uniq_joseph,
          uniq_crazy_yiuf_cottage
D:8:      layout_basic, grunt_pizzeria, nemelex_spade_bored_becter
D:9:      layout_roguey
D:10:     cheibrodos_orc_bank, layout_basic, serial_shops,
          nicolae_shop_overgrown_old_shop, lemuel_flamethrower_2, uniq_grum,
          uniq_maurice
D:11:     layout_basic, dpeg_lair_monsters, serial_shops, shop, shop, shop,
          nicolae_shop_stone, shop, portal_ice_cave_demonic_guard, basic_altar,
          minmay_hollow_rounded_squares
D:12:     layout_irregular_city, hiddenorc1_lemuel,
          nicolae_trove_entry_path_of_doom, minmay_misc_feat_columns
D:13:     minmay_complete_graph, layout_gridville, serial_bayou,
          serial_bayou_lake_a, serial_bayou_ford_a, serial_bayou_crossing,
          serial_bayou_lagoon_a, serial_bayou_shore_b

Skill      XL: |  1  2  3  4  5  6  7  8  9 10 11 12 |
---------------+-------------------------------------+-----
Axes           | 3 4 5 6 8 9 11 12 | 12.6
Fighting       | 3 4 5 6 7 8 |  8.0
Armour         | 4 5 6 7 8 9 |  9.6
Shields        | 4 5 6 7 8 9 |  9.6
Invocations    | 1 2 3 5 6 8 9 10 | 10.0

Action                   |  1- 3 |  4- 6 |  7- 9 | 10-12 || total
-------------------------+-------+-------+-------+-------++-------
Melee: War axe           |    76 |    72 |    53 |       ||   201
       Hand axe          |       |       |   578 |     5 ||   583
       Broad axe         |       |       |       |   349 ||   349
 Abil: Heal Wounds       |     1 |     8 |    24 |     7 ||    40
  Use: Potion            |       |       |     2 |     1 ||     3
       Scroll            |       |       |       |    15 ||    15
  Eat: Chunk             |       |     1 |    12 |     3 ||    16
       Ration            |       |       |     1 |     1 ||     2
Armor: Scale mail        |    51 |    24 |    31 |       ||   106
       Plate armour      |       |       |   213 |   162 ||   375
Dodge: Dodged            |    38 |    27 |    89 |    39 ||   193
Block: Kite shield       |    49 |    42 |   279 |   246 ||   616

Table legend:
 A = Non-vault XP
 B = Vault XP
 C = Vault XP percentage of total XP
 D = Non-vault monster count
 E = Vault monster count
 F = Vault count percentage of total count
                 A         B        C        D         E       F
            +---------+---------+-------+---------+---------+-------
      Total |   15004 |    8383 |  35.8 |     191 |      87 |  31.3
            +---------+---------+-------+---------+---------+-------
        D:1 |      16 |       0 |   0.0 |       8 |       0 |   0.0
        D:3 |       2 |       7 |  77.8 |       1 |       2 |  66.7
        D:4 |     261 |      40 |  13.3 |      18 |       1 |   5.3
        D:5 |     866 |     166 |  16.1 |      27 |       1 |   3.6
        D:6 |     726 |     569 |  43.9 |      14 |      41 |  74.5
        D:7 |     165 |     510 |  75.6 |      16 |      15 |  48.4
        D:8 |    2204 |     196 |   8.2 |      27 |       1 |   3.6
        D:9 |    1761 |       0 |   0.0 |      24 |       0 |   0.0
       D:10 |    3024 |     457 |  13.1 |      18 |       1 |   5.3
       D:11 |    3784 |    6242 |  62.3 |      25 |      23 |  47.9
       D:12 |     570 |       0 |   0.0 |       3 |       0 |   0.0
       D:13 |    1625 |     196 |  10.8 |      10 |       2 |  16.7
            +---------+---------+-------+---------+---------+-------
